 Dungeon Crawl Stone Soup version 0.17-a0-369-ge05c439 (webtiles) character file.

478 McCoppin the Covert (level 7, -3/51 HPs)
             Began as a Formicid Assassin on Apr 1, 2015.
             Slain by a freezing wraith (11 damage)
             ... on level 14 of the Dungeon.
             The game lasted 00:19:15 (1410 turns).

McCoppin the Covert (Formicid Assassin)             Turns: 1410, Time: 00:19:15

Health: -3/51      AC:  3    Str: 15    XL:     7   Next: 33%
Magic:  7/7        EV: 11    Int: 11    God:
Gold:   67         SH:  0    Dex: 14    Spells: 0 memorised, 6 levels left

rFire  + + .     SeeInvis +     b - +0 blowgun
rCold  . . .     Clarity  .     c - +0 robe
rNeg   . . .     SustAb   .     (no shield)
rPois  +         Gourm    .     (helmet unavailable)
rElec  .         Spirit   .     d - +0 cloak
rCorr  .         Warding  .     (no gloves)
rMut   .         Stasis   +     (no boots)
MR     .....                    (no amulet)
Stlth  ++++......               (no ring)
                                n - ring of Puwuseg {Wiz +Inv rPois rF++}

@: not resistant to hostile enchantments, stealthy
A: permanent stasis, dig shafts and tunnels, four strong arms, antennae 3
a: Dig, Shaft Self, Evoke Invisibility


You were on level 14 of the Dungeon.
You were hungry.

You visited 1 branch of the dungeon, and saw 11 of its levels.

You collected 67 gold pieces.

Inventory:

Hand weapons
 a - a +2 dagger
 b - a +0 blowgun (weapon)
 g - a +0 long sword
Missiles
 f - 5 poisoned needles (quivered)
 h - a curare-tipped needle
 i - 7 tomahawks
Armour
 c - a +0 robe (worn)
 d - a +0 cloak (worn)
 e - a +0 scale mail
Jewellery
 n - the ring of Puwuseg (left hand) {Wiz +Inv rPois rF++}
   (You found it on level 15 of the Dungeon)

   [ring of wizardry]

   It improves your spell success rate.
   It greatly protects you from fire.
   It protects you from poison.
   It lets you turn invisible.
Magical devices
 m - a wand of cold (5)
Potions
 j - a potion of poison {unknown}
 k - a potion of curing
 l - a potion of cure mutation {unknown}


   Skills:
 - Level 2.7 Fighting
 - Level 2.0 Short Blades
 - Level 1.5 Throwing
 - Level 0.8 Dodging
 + Level 10.3 Stealth
 * Level 0.0 Evocations


You had 6 spell levels left.
You didn't know any spells.

Dungeon Overview and Level Annotations

Branches:
Dungeon (15/15)
 Temple: D:4-7         Lair: D:8-11         Orc: D:9-12      Vaults: D:13-14
 Depths: D:15

Altars:

Shops:
D:14 =

Portals:
Trove: D:14 (show abyssal rune of Zot)


Innate Abilities, Weirdness & Mutations

You are under a permanent stasis effect.
You can dig through walls and to a lower floor.
Your four strong arms can wield two-handed weapons with a shield.
You have a pair of large antennae on your head (SInv).


Message History

The deep elf mage shouts!
The necrophage hits you.
* * * LOW HITPOINT WARNING * * *
You climb upwards.
Found an escape hatch in the ceiling.
Found a stone staircase leading down.
There is a stone staircase leading down here.
Unknown command.
Drink which item? (? for menu, Esc to quit)
Okay, then.
Drink which item? (? for menu, Esc to quit)
Okay, then.
Use which ability? (? or * to list)
Okay, then.
The necrophage barely misses you.
There is an escape hatch in the ceiling here.
You aren't carrying any spellbooks or scrolls.
The necrophage hits you.
* * * LOW HITPOINT WARNING * * *
The freezing wraith hits you!
You die...

.#### {
#.......#
{
#.......#
.##
#.......#
....
#.......#
.#.
#.......#
.
#.......#
#.
#.......#
#
#....W@.#
#....n..#
#.>.....+
#.......#
#.......#
#..>....#
###+#####


You could see a freezing wraith and a necrophage.

Vanquished Creatures
  Maurice (D:11)
  An ogre (D:10)
  A giant frog (D:11)
  A hobgoblin (D:11)
  A giant newt (D:4)
5 creatures vanquished.

Notes
Turn   | Place    | Note
--------------------------------------------------------------
     0 | D:1      | McCoppin, the Formicid Assassin, began the quest for the Orb.
     0 | D:1      | Reached XP level 1. HP: 16/16 MP: 1/1
     7 | D:1      | You fall through a shaft!
    10 | D:2      | You fall through a shaft for 2 floors!
    22 | D:4      | You fall through a shaft for 2 floors!
    25 | D:6      | You fall through a shaft for 2 floors!
    28 | D:8      | You fall through a shaft for 2 floors!
    28 | D:10     | Entered Level 10 of the Dungeon
    28 | D:10     | Noticed an ogre
    41 | D:10     | Killed an ogre
    41 | D:10     | Reached skill level 7 in Stealth
    41 | D:10     | Reached XP level 2. HP: 22/22 MP: 2/2
    41 | D:10     | Reached XP level 3. HP: 27/27 MP: 3/3
    41 | D:10     | Reached XP level 4. HP: 33/33 MP: 4/4
    58 | D:10     | Noticed a two-headed ogre
    64 | D:10     | Noticed a hungry ghost
    68 | D:10     | You fall through a shaft!
    95 | D:12     | Noticed a yak
    95 | D:12     | Noticed a yak
    95 | D:12     | Noticed a yak
    95 | D:12     | Noticed a yak
    95 | D:12     | Noticed a yak
    95 | D:12     | Noticed a yak
   127 | D:11     | Noticed Maurice
   173 | D:11     | Killed Maurice
   173 | D:11     | Reached skill level 10 in Stealth
   173 | D:11     | Reached XP level 5. HP: 12/38 MP: 5/5
   173 | D:11     | Reached XP level 6. HP: 13/44 MP: 6/6
   173 | D:11     | Reached XP level 7. HP: 14/50 MP: 7/7
   450 | D:11     | Noticed a giant frog
   468 | D:11     | Killed a giant frog
   587 | D:11     | Noticed a manticore
   650 | D:11     | Noticed a troll
   697 | D:11     | You fall through a shaft for 2 floors!
   812 | D:13     | You fall through a shaft!
   983 | D:14     | Found a portal to a secret trove of treasure.
   990 | D:14     | Found Gakh's Jewellery Emporium.
  1037 | D:14     | Noticed a centaur warrior
  1041 | D:14     | You fall through a shaft!
  1041 | D:15     | Entered Level 15 of the Dungeon
  1257 | D:15     | Noticed a deep elf fighter
  1266 | D:15     | Got a vibrating lead ring
  1267 | D:15     | Identified the ring of Puwuseg {Wiz +Inv rPois rF++} (You found it on level 15 of the Dungeon)
  1325 | D:15     | Noticed a six-headed hydra
  1366 | D:15     | Noticed a freezing wraith
  1395 | D:15     | Noticed a deep elf mage
  1402 | D:15     | Noticed a deep elf mage
  1402 | D:15     | Noticed a deep elf death mage
  1404 | D:15     | Noticed a deep elf knight
  1410 | D:14     | Slain by a freezing wraith

Action                   |  1- 3 |  4- 6 |  7- 9 || total
-------------------------+-------+-------+-------++-------
Melee: Dagger            |     1 |       |    57 ||    58
 Fire: Blowgun           |     3 |    10 |     6 ||    19
Throw: Tomahawk          |       |     2 |       ||     2
 Abil: Shaft Self        |     5 |     1 |     3 ||     9
       Dig               |       |     1 |     1 ||     2
  Use: Scroll            |       |       |     1 ||     1
 Stab: Sleeping          |     2 |     1 |     3 ||     6
  Eat: Bread ration      |       |       |     1 ||     1
